 Dungeon Crawl Stone Soup version 0.21.0-3-g78d12a8 (webtiles) character file.

94 komo4ek the Sneak (level 4, -1/29 HPs)
             Began as an Octopode Assassin on Jan 8, 2018.
             Slain by a goblin
             ... wielding a +0 dagger
             ... led by Robin
              (6 damage)
             ... on level 2 of the Dungeon.
             The game lasted 00:04:26 (1253 turns).

komo4ek the Sneak (Octopode Assassin)               Turns: 1253, Time: 00:04:27

Health: -1/29      AC:  1    Str: 10    XL:     4   Next: 63%
Magic:  4/4        EV: 13    Int: 13    God:
Gold:   52         SH:  0    Dex: 14    Spells: 3/3 levels left

rFire    . . .     SeeInvis .   a - +2 dagger
rCold    . . .     Gourm    .   (no shield)
rNeg     . . .     Faith    .   (helmet restricted)
rPois    .         Spirit   .   (no amulet)
rElec    .         Reflect  .   (no ring)
rCorr    .         Harm     .   (no ring)
MR       .....                  (no ring)
Stlth    +++++.....             (no ring)
HPRegen  0.09/turn              (no ring)
MPRegen  0.09/turn              (no ring)
                                (no ring)
                                (no ring)

@: flying
A: almost no armour, stealthy swim, amphibious, 8 rings, constrict 8, camouflage
1, gelatinous body 1
a: no special abilities


You were on level 2 of the Dungeon.
You were not hungry.

You visited 1 branch of the dungeon, and saw 2 of its levels.

You collected 52 gold pieces.

Inventory:

Hand Weapons
 a - a +2 dagger (weapon)
 b - a +0 blowgun
Missiles
 c - 8 poisoned needles
 d - 2 curare-tipped needles
Jewellery
 g - an uncursed ring of magical power {unknown}
Scrolls
 h - a scroll of teleportation
 j - a scroll of remove curse {unknown}
Potions
 i - a potion of flight
Comestibles
 f - 2 rations


   Skills:
 - Level 2.0 Fighting
 + Level 3.1 Short Blades
 - Level 2.0 Throwing
 - Level 1.0 Dodging
 * Level 7.4 Stealth


You had 3 spell levels left.
You didn't know any spells.

Dungeon Overview and Level Annotations

Branches:
Dungeon (2/15)

Altars:

Annotations:
D:2 Robin


Innate Abilities, Weirdness & Mutations

You cannot wear most types of armour.
You are very stealthy in the water. (Stealth+)
You are amphibious.
You can wear up to eight rings at the same time.
You can use your tentacles to constrict eight enemies at once.
Your skin changes colour to match your surroundings (Stealth+).
Your rubbery body absorbs attacks. (AC +1, EV +1)


Message History

The goblin barely misses you.
Things that are here:
a dagger; a goblin corpse You are too injured to fight recklessly!
You are too injured to fight recklessly!
You barely miss the goblin. You grab the goblin. You squeeze the goblin.
The goblin is moderately wounded.
You constrict the goblin. Robin barely misses you.
The goblin hits you with a club.
* * * LOW HITPOINT WARNING * * *
You hit the goblin.
You kill the goblin!
Robin closely misses you.
You barely miss the goblin. Your grab misses the goblin.
Robin throws the goblin at you!
As you read the scroll labeled ALIEBA QAIHAI, it crumbles to dust.
It is a scroll of identify.
h - a scroll of teleportation The goblin hits you with a dagger.
You die...

####.# #.# #....# #.#
#....# #.###
###....####...#
#)'....#....#+###
####.#...##.##.....# ..
#....######........# .#
#.......).#...<....# .#
#).......@#.....##)#####.#
###.>...g.gg)...+.....!...
#.......#(#...##.#.....#
#.......#(######.......#
#########)# ###.....#
#######g# ####..#
#..o...g# ..# #.......#
.## #....$..#


gg You could see Robin and 2 goblins.

Vanquished Creatures
  An orc priest (D:2)
  A gnoll (D:2)
  2 dart slugs (D:1)
  3 orcs (D:2)
  5 giant cockroaches
  8 goblins
  6 hobgoblins
  2 jackals (D:1)
  A quokka (D:2)
  2 bats
  A frilled lizard (D:1)
  3 kobolds (D:1)
  13 rats
48 creatures vanquished.

Notes
Turn   | Place    | Note
-------+----------+-------------------------------------------
     0 | D:1      | komo4ek the Octopode Assassin began the quest for the Orb.
     0 | D:1      | Reached XP level 1. HP: 14/14 MP: 1/1
    96 | D:1      | Reached XP level 2. HP: 19/19 MP: 2/2
   200 | D:1      | Reached skill level 6 in Stealth
   453 | D:1      | Reached XP level 3. HP: 16/24 MP: 3/3
   898 | D:2      | Noticed Robin
   982 | D:2      | Reached XP level 4. HP: 15/29 MP: 4/4
  1139 | D:2      | Reached skill level 7 in Stealth
  1253 | D:2      | Slain by a goblin

Skill      XL: |  1  2  3  4 |
---------------+-------------+-----
Stealth        | 6 7 |  7.4
Short Blades   | 3 |  3.1
Fighting       | |  2.0
Throwing       | |  2.0
Dodging        | |  1.0

Action                   |  1- 3 |  4- 6 || total
-------------------------+-------+-------++-------
Melee: Dagger            |    77 |    20 ||    97
       Constrict         |    18 |     6 ||    24
       Tentacles         |     9 |     2 ||    11
  Use: Scroll            |       |     1 ||     1
       Potion            |       |     1 ||     1
 Stab: Sleeping          |    16 |       ||    16
       Distracted        |     1 |       ||     1
  Eat: Ration            |       |     1 ||     1
Armor: Skin              |     1 |     2 ||     3
Dodge: Dodged            |    37 |     9 ||    46
